Map: Pride of Altaris LE

Players

Serral

  • Race: Zerg Zerg

DPGrogue (Rogue) - Winner!

  • Race: Zerg Zerg

Event: TSL 8

VOD

Have the link to the VOD?

Description

Time

  • Played on: Dec. 12, 2021, 8:20 a.m.
  • Length: 5:18

All games in this series

Show
View Real Time Build Order
Export as new Build Order

Serral Zerg 

Build Orders: Hatch First 

Get SALT Encoding   

  12  0:00  Drone  
  13  0:12  Overlord  
  13  0:16  Drone  
  14  0:30  Drone x2  
  16  0:47  Hatchery  
  15  0:50  Drone  
  15  0:54  Drone  
  17  0:58  Drone  
  18  1:08  Extractor  
  17  1:13  Spawning Pool  
  17  1:16  Drone  
  17  1:19  Drone  
  18  1:27  Drone  
  19  1:38  Drone  
  20  1:49  Drone  
  21  1:59  Queen  
  21  2:00  Zergling x2, Queen  
  21  2:01  Overlord  
  26  2:10  Drone x2  
  26  2:12  Metabolic Boost  
  28  2:21  Drone x2  
  30  2:31  Zergling x2  
  30  2:32  Drone  
  32  2:37  Hatchery  
  32  2:43  Drone  
  32  2:46  Baneling Nest  
  32  2:49  Overlord  
  31  2:53  Drone  
  31  2:56  Drone  
  33  3:11  Drone x4  
  37  3:13  Zergling x6  
  37  3:14  Drone  
  41  3:21  Drone  
  41  3:24  Roach Warren  
  41  3:25  Extractor  
  41  3:26  Zergling x2  
  41  3:32  Evolution Chamber  
  40  3:34  Baneling  
  40  3:36  Overlord  
  40  3:37  Drone  
  40  3:40  Drone x2  
  43  3:43  Drone  
  43  3:45  Baneling x2  
  44  3:51  Roach Warren  
  44  3:54  Zergling x2  
  44  3:55  Baneling  
  44  4:01  Drone, Overlord  
  45  4:03  Baneling  
  44  4:13  Zergling x6  
  44  4:14  Baneling  
  42  4:19  Roach x4  
  42  4:23  Zergling x4  
  49  4:26  Zergling x2  
  49  4:30  Roach  
  46  4:40  Zergling x2  
  46  4:41  Zergling x6  
  48  4:48  Roach  
  48  4:50  Zergling x2  
Show
View Real Time Build Order
Export as new Build Order

DPGrogue Zerg - Winner!

Build Orders: Hatch First, Zergling Baneling 

Get SALT Encoding   

  12  0:00  Drone  
  13  0:12  Overlord  
  13  0:17  Drone  
  14  0:31  Drone x2  
  16  0:47  Hatchery  
  15  0:51  Drone  
  15  0:54  Drone  
  17  0:57  Drone  
  18  1:08  Extractor  
  17  1:12  Spawning Pool  
  17  1:15  Drone  
  18  1:18  Drone  
  18  1:28  Drone  
  19  1:41  Drone  
  20  1:50  Drone  
  21  1:59  Queen x2  
  21  2:00  Zergling x2  
  26  2:03  Overlord  
  26  2:11  Metabolic Boost, Drone x2  
  28  2:23  Drone x2  
  30  2:32  Drone x2  
  32  2:39  Hatchery  
  31  2:46  Zergling x4, Baneling Nest  
  32  2:54  Drone  
  32  2:56  Overlord  
  33  3:04  Zergling x4  
  35  3:10  Zergling x2  
  36  3:15  Zergling x2  
  36  3:16  Zergling x10  
  42  3:25  Zergling x2  
  43  3:29  Overlord  
  43  3:36  Zergling x2  
  43  3:37  Baneling x2  
  43  3:39  Baneling x2  
  44  3:48  Zergling x14  
  51  3:51  Baneling x3  
  51  3:53  Zergling x2  
  52  3:57  Zergling x2  
  50  4:07  Zergling x2  
  50  4:08  Zergling x4  
  48  4:11  Zergling x2  
  48  4:15  Zergling x2  
  48  4:16  Zergling x12  
  54  4:19  Baneling x3  
  54  4:22  Zergling x2  
  52  4:25  Zergling x4  
  51  4:33  Zergling x2  
  51  4:36  Zergling x4  
  54  4:44  Zergling x2  
  52  4:49  Zergling x4  
Tags
 
Add a new tag
Caveats
  • Supply blocks, unpowered buildings, or Contaminate may cause inaccurate times.
  • Supply counts are checked every 10 seconds.